 Dungeon Crawl Stone Soup version 0.27-a0-1202-ge72e49191c (webtiles) character file.

Game seed: 7605092582645163429

438 sanka the Magician (level 7, -4/50 HPs)
             Began as a Djinni Artificer on June 3, 2021.
             Slain by a gnoll
             ... wielding a +0 spear
              (7 damage)
             ... on level 5 of the Dungeon.
             The game lasted 00:08:56 (6005 turns).

sanka the Magician (Djinni Artificer)               Turns: 6005, Time: 00:08:56

Health: -4/50      AC:  3    Str: 10 (11) XL:     7   Next: 22%
Gold:   139        EV: 11    Int: 20 (21) God:
                   SH:  0    Dex: 12 (13)

rFire    + + .     SeeInvis .   a - +1 lajatang (speed)
rCold    x . .     Faith    .   (shield currently unavailable)
rNeg     . . .     Spirit   .   b - +0 leather armour
rPois    ∞         Reflect  .   (no helmet)
rElec    .         Harm     .   (no cloak)
rCorr    .         Rampage  .   (no gloves)
Will     .....                  (boots unavailable)
Stlth    +.........             (no amulet)
HPRegen  0.16/turn              q - +6 ring of intelligence
MPRegen  0.00/turn              (no ring)

@: flying, hasted, very quick
A: sickness immunity, fire resistance 2, cold vulnerability 1, float, innate
caster, hp casting, extra vitality 1
a: no special abilities


You were on level 5 of the Dungeon.
You visited 1 branch of the dungeon, and saw 5 of its levels.

You collected 139 gold pieces.


Innate Abilities, Weirdness & Mutations

You are immune to sickness and miasma.
You are immune to poison.
Your flesh is very heat resistant. (rF++)
You are vulnerable to cold. (rC-)
You float through the air rather than walking.
You learn spells naturally, not from books.
Your magical power is your life essence.
You have superior vitality. (+4 HP)


   Skills:
 + Level 3.3 Fighting
 + Level 2.3 Staves
 - Level 1.0 Armour
 - Level 2.1 Dodging
 - Level 0.7 Stealth
 + Level 3.9 Spellcasting
 - Level 3.0 Evocations


You had 7 spell levels left.
You knew the following spells:

 Your Spells              Type           Power      Damage    Failure   Level
x - Teleport Other        Tloc           19%        N/A       11%         3
z - Magic Dart            Conj           76%        1d6       3%          1
Z - Static Discharge      Conj/Air       19%        N/A       5%          2
Your spell library was empty.

Inventory:

Hand Weapons
 a - a +1 lajatang of speed (weapon)
 f - a +0 club
Missiles
 o - 14 poisoned darts
Armour
 b - a +0 leather armour (worn)
Jewellery
 q - a +6 ring of intelligence (left hand)
Wands
 c - a wand of flame (1) (quivered)
 d - a wand of charming (14)
 p - a wand of polymorph (1)
Scrolls
 h - 6 scrolls of identify {unknown}
 j - 3 scrolls of teleportation {unknown}
 k - 2 scrolls of blinking {unknown}
 l - a scroll of enchant armour {unknown}
 n - 2 scrolls of fog {unknown}
 s - a scroll of noise {unknown}
 t - a scroll of magic mapping {unknown}
Potions
 g - 2 potions of cancellation
 i - a potion of flight {unknown}
Miscellaneous
 e - a piece from Xom's chessboard (15/15)

Dungeon Overview and Level Annotations

Branches:
Dungeon (5/15)
 Temple: D:4-7

Altars:
Gozag
Zin

Shops:
D:2

( ▒▒.▒▒▒.▒
▒..▒▒▒.... ▒..▒
▒▒▒▒ ▒..▒ ▒....
▒..▒▒
▒.▒▒▒▒..▒▒▒.▒+▒
▒▒.▒
▒.......▒▒..+
▒.▒
▒▒...▒▒▒.....▒+▒
▒.▒ ▒g...▒
▒▒.▒▒▒).▒
▒▒▒▒▒▒g...▒▒▒.▒▒
▒▒)▒
▒...g........
▒..
▒.(R...▒▒▒...▒
▒.. ▒▒▒....▒
▒▒▒.▒ ▒▒. ▒▒▒..▒
... ▒. ▒..▒ ..
▒... ▒▒..▒
▒>..▒. ▒...
▒.▒▒▒. ▒▒▒▒ ..
▒. . ▒. ..


You could see 3 gnolls.


Message History

Unknown command.
The gnoll is struck by an arc of lightning.
You kill the gnoll!
Something is struck by an arc of lightning.
The lightning grounds out.
* * * LOW HITPOINT WARNING * * *
The gnoll hits you from afar with a +0 spear.
* * * LOW HITPOINT WARNING * * *
The gnoll hits you with a +0 club.
* * * LOW HITPOINT WARNING * * *
The gnoll throws a throwing net.
The throwing net barely misses you.
It was a potion of cancellation.
You feel magically purged. The gnoll barely misses you.
It was a potion of degeneration.
There was something very wrong with that liquid.
You feel weakened.
You feel dopey.
You feel clumsy.
The gnoll hits you from afar with a +0 spear.
* * * LOW HITPOINT WARNING * * *
The gnoll hits you with a +0 club.
* * * LOW HITPOINT WARNING * * *
It was a potion of haste.
You feel yourself speed up. The gnoll barely misses you. The gnoll misses you.
The gnoll hits you from afar with a +0 spear!
You die...

Action                   |  1- 3 |  4- 6 |  7- 9 || total
-------------------------+-------+-------+-------++-------
Melee: Club              |    16 |       |       ||    16
       Lajatang          |    65 |    95 |     8 ||   168
       Unarmed           |       |     4 |       ||     4
 Cast: Magic Dart        |       |    45 |     6 ||    51
       Static Discharge  |       |     8 |     5 ||    13
Evoke: Wand              |     8 |     7 |       ||    15
  Use: Potion            |       |       |     3 ||     3
Armor: Leather armour    |    17 |    41 |     1 ||    59
Dodge: Dodged            |    29 |    68 |     8 ||   105

Levels and vault maps discovered:
D:1:      elethiomel_arrival_quiet, layout_basic,
          shapermc_ecumenical_altar_starsandcircs
D:2:      layout_loops_ring, serial_shops, shop
D:3:      layout_loops_ring, uniq_ijyb
D:4:      layout_loops_corners, grunt_temple_overflow_gold_and_silver,
          kennysheep_flooded_box, minivault_26
D:5:      layout_layer_cave, minmay_temple_entry_waves, serial_shops,
          kennysheep_mini, uniq_duvessa

Notes
Turn   | Place    | Note
-------+----------+-------------------------------------------
     0 | D:1      | sanka the Djinni Artificer began the quest for the Orb.
     0 | D:1      | Reached XP level 1. HP: 17/17 MP: 0/0
   262 | D:1      | Reached XP level 2. HP: 9/23 MP: 0/0
   515 | D:1      | Reached skill level 2 in Fighting
   815 | D:1      | Found a faded altar of an unknown god.
  1001 | D:1      | HP: 1/23 [kobold/+0 short sword (3)]
  1652 | D:2      | Found Itwiseiq's Antique Weapon Boutique.
  1686 | D:2      | Reached skill level 1 in Staves
  1686 | D:2      | Reached XP level 3. HP: 11/29 MP: 0/0
  1686 | D:2      | Learned a level 1 spell: Magic Dart
  2008 | D:2      | Reached XP level 4. HP: 32/34 MP: 0/0
  2039 | D:2      | Identified the Disquisition on the Unstable Rocks
  2143 | D:2      | Reached skill level 3 in Fighting
  2340 | D:2      | Reached skill level 2 in Staves
  2963 | D:2      | Reached XP level 5. HP: 35/40 MP: 0/0
  2963 | D:2      | Learned a level 2 spell: Static Discharge
  3275 | D:3      | Noticed Ijyb
  3380 | D:3      | Killed Ijyb
  3381 | D:3      | Reached skill level 1 in Spellcasting
  3731 | D:3      | Noticed an ogre
  3737 | D:3      | Killed an ogre
  3738 | D:3      | Reached skill level 2 in Spellcasting
  3738 | D:3      | Reached XP level 6. HP: 46/46 MP: 0/0
  4493 | D:4      | Reached skill level 3 in Spellcasting
  4901 | D:4      | Noticed an ogre
  5276 | D:4      | Killed an ogre
  5277 | D:4      | Reached XP level 7. HP: 39/50 MP: 0/0
  5277 | D:4      | Learned a level 3 spell: Teleport Other
  5654 | D:4      | Found a glowing silver altar of Zin.
  5682 | D:4      | Found an opulent altar of Gozag.
  5682 | D:4      | Found a glowing silver altar of Zin.
  5845 | D:5      | Entered Level 5 of the Dungeon
  5988 | D:5      | HP: 3/50 [gnoll/+0 club (3)]
  6003 | D:5      | HP: 3/50 [gnoll/+0 spear (2)]
  6005 | D:5      | Slain by a gnoll

Vanquished Creatures
  2 ogres
  A hound (D:4)
  A gnoll shaman (D:5)
  Ijyb (D:3)
  4 gnolls
  A howler monkey skeleton (D:4)
  7 adders
  An adder skeleton (D:3)
  2 worms
  4 dart slugs
  An orc (D:1)
  5 ball pythons
  8 bats
  2 endoplasms
  A giant cockroach (D:2)
  2 goblins (D:1)
  2 hobgoblins (D:1)
  5 jackals
  7 frilled lizards
  A kobold (D:1)
  4 rats
62 creatures vanquished.

Vanquished Creatures (collateral kills)
  A gnoll (D:2)
1 creature vanquished.

Vanquished Creatures (others)
  A gnoll (D:2)
1 creature vanquished.

Grand Total: 64 creatures vanquished
